 Dungeon Crawl Stone Soup version 0.32-a0-893-gf85d74f360 (webtiles) character file.

Game seed: 10180463035071899866

1645187 ragingrage the Necromancer (level 25, 207/207 HPs)
             Began as a Demonspawn Reaver on Apr 3, 2024.
             Was an Initiate of Gozag.
             Escaped with the Orb
             ... and 3 runes!
             The game lasted 01:36:50 (69686 turns).

ragingrage the Necromancer (Demonspawn Reaver)     Turns: 69686, Time: 01:36:50

Health: 207/207    AC: 32    Str: 23    XL:     25   Next: 84%
Magic:  36/36      EV: 18    Int: 22    God:    Gozag
Gold:   9599       SH: 21    Dex: 21    Spells: 5/28 levels left

rFire   + + +        a - +8 trishula "Condemnation" {holy, anguish, *Noise Fly rN+}
rCold   + . .        j - +5 kite shield {AC+3}
rNeg    + . .        E - +0 fire dragon scales of Henotheism {+Blink Fly rF++ rC- Dex+3}
rPois   +            e - +3 hat of Pondering {ponderous, Will+ MP+10 Int+5}
rElec   +            (cloak unavailable)
rCorr   .            N - +1 pair of gloves "Edukh" {rF+ Str+3}
SInv    +            p - +5 pair of boots of the Skies Above {rC++}
Will    ++...        h - amulet of regeneration
Stlth   +            X - ring of Filotit {Str+3 Dex+6 SInv}
HPRegen 1.34/turn    m - ring "Mujuh" {rElec rPois AC+4}
MPRegen 0.50/turn

%: guardian spirit
@: flying, slow
A: spiny 3, magic shield, magic regeneration, magic link, sharp scales 3,
corrupting presence 2, weakness stinger 3, clumsy 1, deformed body, weak 1,
subdued magic 1
0: Orb of Zot
}: 3/15 runes: barnacled, abyssal, gossamer
a: Renounce Religion, Evoke Blink, Potion Petition, Call Merchant, Bribe Branch


You escaped.
You worshipped Gozag.
Gozag was greatly pleased with you.
You visited 10 branches of the dungeon, and saw 47 of its levels.
You visited the Abyss 2 times.
You also visited: Ossuary, Gauntlet and Ice Cave.

You collected 26698 gold pieces.
You spent 7735 gold pieces at shops.
You paid 9364 gold pieces to Gozag.

Inventory:

Hand Weapons
 a - the +8 trishula "Condemnation" (weapon) {holy, anguish, *Noise Fly rN+}
   (You bought it in a shop on level 4 of the Dungeon)

   rN+:       It protects you from negative energy.
   Fly:       It grants you flight.
   *Noise:    It may make a loud noise when swung.
 b - the +9 quarterstaff "Onoev" {heavy, Int+3 Dex+2}
   (You took it off a human on level 2 of the Realm of Zot)

   Int+3:     It affects your intelligence (+3).
   Dex+2:     It affects your dexterity (+2).
Missiles
 d - 5 throwing nets
 q - 7 curare-tipped darts
Armour
 e - the +3 hat of Pondering (worn) {ponderous, Will+ MP+10 Int+5}
   (You found it on level 3 of the Elven Halls)

   Int+5:     It affects your intelligence (+5).
   Will+:     It increases your willpower.
   MP+10:     It affects your magic capacity (+10).
 j - a +5 kite shield of protection (worn)
 p - the +5 pair of boots of the Skies Above (worn) {rC++}
   (You bought it in a shop on level 3 of the Shoals)

   rC++:      It greatly protects you from cold.
 E - the +0 fire dragon scales of Henotheism (worn) {+Blink Fly rF++ rC- Dex+3}
   (You bought it in a shop on level 1 of the Elven Halls)

   Dex+3:     It affects your dexterity (+3).
   rF++:      It greatly protects you from fire.
   rC-:       It makes you vulnerable to cold.
   Fly:       It grants you flight.
   +Blink:    It lets you blink.
 N - the +1 pair of gloves "Edukh" (worn) {rF+ Str+3}
   (You found it on level 3 of the Realm of Zot)

   Str+3:     It affects your strength (+3).
   rF+:       It protects you from fire.
Jewellery
 h - an amulet of regeneration (around neck)
 m - the ring "Mujuh" (right hand) {rElec rPois AC+4}
   (You took it off a deep elf annihilator on level 3 of the Elven Halls)

   [ring of protection]

   AC+4:      It affects your AC (+4).
   rElec:     It insulates you from electricity.
   rPois:     It protects you from poison.
 u - the necklace of Bloodlust {Fury *Rage Will++ Int-3 Slay+6}
   (You bought it in a shop on level 1 of the Depths)

   [amulet of nothing]

   Fury:      It extends the wearer's berserk rage when killing foes.
   Int-3:     It affects your intelligence (-3).
   Slay+6:    It affects your accuracy & damage with ranged weapons and melee
   (+6).
   Will++:    It greatly increases your willpower.
   *Rage:     It berserks you when you make melee attacks (+50% chance).
 w - the ring of Udanod {rPois rF+++ rC+ Str-4 Int-5}
   (You found it in an ice cave)

   [ring of protection from cold]

   Str-4:     It affects your strength (-4).
   Int-5:     It affects your intelligence (-5).
   rF+++:     It renders you almost immune to fire.
   rC+:       It protects you from cold.
   rPois:     It protects you from poison.
 X - the ring of Filotit (left hand) {Str+3 Dex+6 SInv}
   (You took it off a deep elf master archer on level 3 of the Elven Halls)

   [ring of dexterity]

   Str+3:     It affects your strength (+3).
   Dex+6:     It affects your dexterity (+6).
   SInv:      It lets you see invisible.
Wands
 D - a wand of charming (102)
 K - a wand of flame (78)
 L - a wand of roots (42)
 M - a wand of acid (39)
 Q - a wand of digging (12)
 S - a wand of mindburst (23)
Scrolls
 c - 6 scrolls of vulnerability
 i - 8 scrolls of blinking
 n - 20 scrolls of teleportation
 s - 2 scrolls of silence
 v - 3 scrolls of fog
 A - 3 scrolls of revelation
 B - 5 scrolls of amnesia
 C - 8 scrolls of immolation
 G - 13 scrolls of poison
 H - 12 scrolls of fear
 T - 2 scrolls of summoning
 U - 8 scrolls of noise
Potions
 f - 10 potions of brilliance
 g - 10 potions of magic
 k - 8 potions of ambrosia
 r - 7 potions of haste
 t - 17 potions of curing
 x - 7 potions of resistance
 y - 5 potions of might
 z - 2 potions of cancellation
 F - 16 potions of heal wounds
 I - 3 potions of mutation
 J - 11 potions of lignification
 R - 6 potions of enlightenment
 V - 5 potions of attraction
 Z - 8 potions of invisibility
Miscellaneous
 l - a box of beasts
 o - a lightning rod (4/4)
 O - a tin of tremorstones (2/2)
 W - a phantom mirror
 Y - a Gell's gravitambourine (2/2)


   Skills:
 - Level 19.0 Fighting
 - Level 4.2 Long Blades
 - Level 15.0 Polearms
 + Level 16.1 Armour
 + Level 14.1 Dodging
 * Level 8.6 Stealth
 + Level 18.0 Shields
 - Level 2.0 Spellcasting
 - Level 3.0 Conjurations
 - Level 18.4 Summonings
 - Level 19.9 Necromancy
 - Level 5.0 Translocations
 - Level 6.0 Earth Magic
 - Level 16.9 Evocations


You had 5 spell levels left.
You knew the following spells:

 Your Spells              Type           Power      Damage    Failure   Level
a - Fugue of the Fallen   Necr           62%        N/A       0%          3
b - Death Channel         Necr           31%        N/A       1%          6
d - Blink                 Tloc           36%        N/A       6%          2
e - Haunt                 Necr/Summ      30%        N/A       11%         7
f - Borgnjor's Vile Clut  Necr/Erth      22%        N/A       4%          5

Your spell library contained the following spells:

 Spells                   Type           Power      Damage    Failure   Level
 Necrotise                Necr           100%       1d9       0%          1
 Summon Small Mammal      Summ           100%       N/A       0%          1
 Call Imp                 Summ           100%       N/A       0%          2
 Kiss of Death            Conj/Necr      100%       2d13      1%          1
 Call Canine Familiar     Summ           59%        N/A       1%          3
 Dispel Undead            Necr           62%        3d22      1%          4
 Martyr's Knell           Necr/Summ      61%        N/A       1%          4
 Apportation              Tloc           36%        N/A       3%          1
 Cigotuvi's Dreadful Rot  Necr/Alch/Air  48%        N/A       3%          2
 Anguish                  Hex/Necr       17%        N/A       5%          4
 Summon Blazeheart Golem  Fire/Summ      32%        N/A       7%          4
 Summon Lightning Spire   Summ/Air       32%        N/A       7%          4
 Summon Forest            Summ/Tloc      20%        N/A       7%          5
 Magic Dart               Conj           44%        1d5       10%         1
 Momentum Strike          Conj/Tloc      30%        3d8       10%         2
 Teleport Other           Tloc           18%        N/A       13%         3
 Searing Ray              Conj           22%        2d5       14%         2
 Shock                    Conj/Air       24%        1d4       19%         1
 Sting                    Conj/Alch      24%        1d4       19%         1
 Static Discharge         Conj/Air       12%        3-4/arc   28%         2
 Volatile Blastmotes      Fire/Tloc      20%        2d11      34%         3
 Ensorcelled Hibernation  Hex/Ice        2%         N/A       47%         2
 Mercury Vapours          Alch/Air       2%         N/A       47%         2
 Scorch                   Fire           2%         2d5       47%         2
 Brom's Barrelling Bould  Conj/Erth      16%        2d4       47%         4
 Hailstorm                Conj/Ice       6%         3d5       50%         3
 Iskenderun's Mystic Bla Conj/Tloc 15%            2d5        (+2d2     54%         4
 Confusing Touch          Hex            1%         N/A       71%         3
 Frozen Ramparts          Ice            2%         1d1       71%         3
 Ozocubu's Armour         Ice            1%         N/A       71%         3
 Sigil of Binding         Hex            1%         N/A       71%         3
 Swiftness                Air            1%         N/A       71%         3
 Leda's Liquefaction      Alch/Erth      5%         N/A       71%         4
 Petrify                  Alch/Erth      11%        N/A       71%         4
 Dimensional Bullseye     Hex/Tloc       5%         N/A       77%         4
 Flame Wave               Conj/Fire      6%         2d5       89%         4
 Fulminant Prism          Conj/Alch      3%         3d5       89%         4
 Iskenderun's Battlesphe  Conj           11%        2d7       96%         5
 Airstrike                Air            0%         2d(1-17)  98%         4
 Cause Fear               Hex            0%         N/A       98%         4
 Ignite Poison            Fire/Alch      1%         N/A       98%         4
 Olgreb's Toxic Radiance  Alch           1%         N/A       98%         4
 Fireball                 Conj/Fire      3%         3d4       99%         5
 Freezing Cloud           Conj/Ice/Air   2%         6-21      100%        5
 Metabolic Englaciation   Hex/Ice        0%         N/A       100%        5
 Silence                  Hex/Air        0%         N/A       100%        5
 Summon Cactus Giant      Summ           29%        N/A       2%          6
 Monstrous Menagerie      Summ           29%        N/A       14%         7
 Infestation              Necr           31%        N/A       54%         8
 Summon Horrible Things   Summ           29%        N/A       77%         8
 Malign Gateway           Summ/Tloc      20%        N/A       94%         7
 Spellforged Servitor     Conj/Summ      18%        N/A       98%         7
 Bombard                  Conj/Erth      8%         9d2       100%        6
 Conjure Ball Lightning   Conj/Air       3%         3x3d6     100%        6
 Dispersal                Tloc           9%         N/A       100%        6
 Gell's Gavotte           Tloc           9%         2d(15-22) 100%        6
 Sculpt Simulacrum        Ice/Alch       0%         N/A       100%        6
 Manifold Assault         Tloc           9%         N/A       100%        7
 Orb of Destruction       Conj           5%         9d5       100%        7
 Ozocubu's Refrigeration  Ice            0%         4d7       100%        7
 Disjunction              Tloc           9%         N/A       100%        8
 Maxwell's Capacitive Co  Air            0%         ∞         100%        8
 Dragon's Call            Summ           29%        N/A       100%        9
 Polar Vortex             Ice            0%         N/A       100%        9
 Animate Dead             Necr           Unusable   N/A       N/A         4

Dungeon Overview and Level Annotations

Branches:
Dungeon (15/15)            Temple (1/1) D:5            Lair (5/5) D:9
 Shoals (4/4) Lair:3       Spider (4/4) Lair:3        Slime (0/5) Lair:4
    Orc (2/2) D:11            Elf (3/3) Orc:2        Vaults (4/5) D:14
  Crypt (0/3) Vaults:2     Depths (4/4) D:15            Zot (5/5) Depths:4
Ossuary (visited)           IceCv (visited)         Gauntlet (visited)

Altars:
Ashenzari
Cheibriados
Dithmenos
Fedhas
Gozag
Hepliaklqana
Kikubaaqudgha
Makhleb
Nemelex Xobeh
Okawaru
Qazlal
Ru
Sif Muna
Trog
Uskayaw
Vehumet
Wu Jian
Xom
Yredelemnul
Beogh

Shops:
D:2 [   D:4 (   Orc:2 [==(=((*   Elf:1 [   Elf:2 =   Shoals:3 [   Vaults:1 (
Vaults:4 *   Depths:1 =:=   Depths:2 :[?

Portals:
Hell: Depths:1 Depths:2 Depths:3 Depths:4
Abyss: Depths:1 Depths:3
Pandemonium: Depths:2
Ziggurat: Depths:3
Trove: D:12 (give +2 fire dragon scales)

Annotations:
D:9 2 runed translucent doors, pokedragonboy's ghost, novice DECj
Shoals:1 6 transporters
Shoals:2 2 transporters, Rucifrug's ghost, journeyman FeSh
Shoals:4 1 transporter, Chish's ghost, adept FoFi; Louise; Roxanne
Elf:2 3 runed translucent doors, exclusion: obsidian statue, Qikim's ghost, journeyman GrEE


Innate Abilities, Weirdness & Mutations

You are completely covered in sharp spines.
When hurt, damage is shared between your health and your magic reserves.
You regenerate magic rapidly.
When low on magic, you restore magic in place of health.
You are completely covered in razor-sharp scales. (AC +3, Slay +3)
Your presence sometimes corrodes or deforms those you injure.
You have a sharp stinger which inflicts weakening toxins.
You are clumsy. (Dex -2)
Armour fits poorly on your strangely shaped body.
You are weak. (Str -2)
Your spells are a little easier to cast, but a little less powerful.


Message History

(D) Dungeon (T) Temple (L) Lair (A) Shoals (N) Spider Nest (M) Slime Pits (O) Orcish Mines (E) Elven Halls (V) Vaults (C) Crypt (U) Depths (H) Hell (Z) Zot
Where to? (Tab/Enter - D:1 @ (x,y), ? - help)
What level of the Dungeon? (default 1, ? - help)
You feel your willpower return.
There is a stone staircase leading up here.
You fly upwards.
There is a stone staircase leading down here.
There is a stone staircase leading up here.
You fly upwards.
There is a stone staircase leading down here.
A red devil comes into view. It is wielding a +0 trident.
You reach to attack!
You closely miss the red devil.
You reach to attack!
You hit the red devil.
The red devil is haunted by guilt!
You block the red devil's attack.
You reach to attack!
You impale the red devil!! You block the red devil's attack.
You reach to attack!
You impale the red devil!!
You kill the red devil!
No target in view!
No target in view!
(D) Dungeon (T) Temple (L) Lair (A) Shoals (N) Spider Nest (M) Slime Pits (O) Orcish Mines (E) Elven Halls (V) Vaults (C) Crypt (U) Depths (H) Hell (Z) Zot
Where to? (Tab/Enter - D:1 @ (x,y), ? - help)
There is a stone staircase leading up here.
You fly upwards.
There is a stone staircase leading down here.
There is a stone staircase leading up here.
You fly upwards.
There is a stone staircase leading down here.
There is a stone staircase leading up here.
You fly upwards.
There is a stone staircase leading down here.
There is an open door here.
There is a staircase leading out of the dungeon here.
You have escaped!

#.## #####.########.#####......
#.# #.................#######.
###.# #.#######'#######.#.....).
#.#.####.#.............#.#.######
#.#.##>#.#.###########.#.#.# #...
#......#.#.#.........#.#.#.# #.##
#..#...#.#.#.#######.#.#.#.###+##
#..#.#.#.#.#.#.....#.#.#.#.##....
#..#.....#...#..@..#...#...##....
#..#...#.#.#.#.....#.#.#.#.##...#
#......#.#.#.###.###.#.#.#.##...#
##.....#.#.#.........#.#.#.#+....
##.#..#.#.###########.#.#.##...#
#.#..#.#.............#.#.##...#
#.#..#.#######'#######.#.######
#.#..#.................#.# #..
#.#..####.########.#####.# #.#


There were no monsters in sight!

Vanquished Creatures
  4 dread liches (Zot:5)
  An orb of fire (Zot:5)
  4 ancient liches (Zot:5)
  Josephina (Depths:3)
  4 Killer Klowns
  7 golden dragons
  Nikola (Vaults:3)
  5 electric golems
  5 tentacled monstrosities
  Jorgrun (D:15)
  11 Orb Guardians
  3 hellephants
  A lich (Depths:1)
  A walking divine tome (Depths:3)
  7 acid blobs (Zot:1)
  2 deep elf master archers (Elf:3)
  4 sphinxes
  4 death cobs
  Polyphemus (Shoals:2)
  6 quicksilver dragons
  An Executioner (Abyss:3)
  4 tentacled starspawn (Abyss:3)
  11 storm dragons
  Gastronok (D:9)
  A shadow dragon (Zot:4)
  A protean progenitor (Zot:2)
  Aizul (Shoals:4)
  6 fire giants
  6 draconian scorchers
  3 emperor scorpions (Spider:4)
  2 draconian knights
  6 draconian shifters
  4 deep elf elementalists (Elf:3)
  8 frost giants
  12 draconian monks
  10 deep elf sorcerers
  11 ghost moths
  A ghoul (Vaults:2)
  9 vault wardens
  An iron dragon (Depths:3)
  3 draconian annihilators
  An orc warlord (Orc:2)
  5 draconian stormcallers
  A reaper (IceCv)
  16 very ugly things
  13 ironbound preservers
  3 spriggan defenders (Depths:3)
  2 vampire knights
  A formless jellyfish (Vaults:2)
  6 stone giants
  10 green draconians
  A minotaur (Gauntlet)
  4 deep elf annihilators (Elf:3)
  6 deep elf death magi
  7 ironbound thunderhulks
  4 deep elf demonologists
  11 black draconians
  10 purple draconians
  6 dire elephants
  8 red draconians
  19 yellow draconians
  12 white draconians
  An eidolon (Vaults:2)
  A green death (D:13)
  11 spark wasps
  4 merfolk javelineers
  3 ettins
  7 merfolk impalers
  A jiangshi (Vaults:2)
  3 crystal guardians
  4 fire dragons
  4 deep elf high priests (Elf:3)
  4 entropy weavers
  6 yaktaur captains
  8 ice dragons
  13 vault guards
  5 great orbs of eyes
  5 hydras
  A peacekeeper (Vaults:2)
  3 hell beasts
  4 rakshasas
  2 ogre magi (D:15)
  4 spriggan air magi
  Erolcha (D:9)
  A radroach (Spider:3)
  2 jorogumos
  7 merfolk avatars
  An alligator (Zot:2)
  5 ironbound frosthearts
  13 two-headed ogres
  12 centaur warriors
  26 dancing weapons
  8 merfolk aquamancers
  5 boulder beetles
  2 catoblepae
  11 death yaks
  A death knight (D:15)
  2 satyrs
  10 tengu warriors
  A vampire mage (Vaults:2)
  6 occultists
  3 spriggan berserkers
  Nergalle (D:11)
  2 deep troll earth magi
  2 hell hogs
  2 wretched stars (Abyss:3)
  4 orc high priests
  4 deep troll shamans
  13 demonic crawlers
  24 deep elf knights
  An iron troll (Depths:4)
  5 skysharks
  5 hell knights (Vaults:1)
  3 skeletal warriors (D:14)
  3 pharaoh ants
  10 deep elf archers
  4 goliath frogs
  A sixfirhy (Depths:2)
  5 sea snakes
  A glowing orange brain (Vaults:1)
  6 arcanists
  42 deep trolls
  6 orb spiders
  A glowing orange brain (shapeshifter) (Depths:3)
  9 ironbound convokers
  A flayed ghost (Depths:4)
  A phantasmal warrior (Vaults:2)
  14 thermic dynamos
  20 deep elf pyromancers
  11 harpies
  2 shadow demons
  6 steelbarb worms
  6 large abominations (Abyss:3)
  2 sun moths (Spider:4)
  10 orc knights
  4 lindwurms (Vaults:3)
  37 deep elf zephyrmancers
  20 wolf spiders
  10 manticores
  20 ugly things
  7 orc sorcerers
  A shining eye (Abyss:3)
  A necromancer (D:15)
  9 fauns
  3 oklob plants (Zot:1)
  9 cyclopes
  25 moths of wrath
  A centaur zombie (D:15)
  An ice statue (IceCv)
  17 elephants
  4 merfolk sirens
  4 meliai (D:14)
  A frost giant skeleton (Vaults:2)
  4 torpor snails
  11 vault sentinels
  7 kobold blastminers
  A stone giant skeleton (Vaults:2)
  3 gargoyles
  3 smoke demons
  7 water nymphs
  2 centaur skeletons (D:15)
  22 cane toads
  3 black mambas
  3 unseen horrors
  2 efreet
  A minotaur zombie (Gauntlet)
  6 rime drakes
  Jeremiah (D:6)
  28 yaktaurs
  Maggie (D:6)
  An anaconda simulacrum (IceCv)
  10 komodo dragons
  A freezing wraith (D:15)
  2 tengu conjurers
  2 ice devils
  A red devil (D:4)
  A tormentor (Abyss:3)
  2 ancient zymes (Abyss:3)
  3 hellwings
  A merfolk (shapeshifter) (Elf:2)
  33 merfolk
  8 trolls
  A queen bee (D:14)
  5 polar bears
  2 tyrant leeches (Lair:5)
  7 hornets
  A tarantella (shapeshifter) (Depths:4)
  6 wind drakes
  Grinder (D:6)
  23 tarantellas
  Prince Ribbit (D:6)
  A fire giant simulacrum (Depths:3)
  A blink frog (shapeshifter) (D:14)
  3 glass eyes
  26 jumping spiders
  42 blink frogs
  6 dream sheep
  A raiju (Abyss:3)
  6 snapping turtles
  A human simulacrum (Vaults:2)
  3 air elementals
  A centaur simulacrum (D:14)
  33 slime creatures
  20 water elementals
  17 culicivoras
  A shadow (D:10)
  3 wyverns
  2 spriggans (Depths:3)
  59 yaks
  A vampire (D:11)
  2 wraiths (D:14)
  A ynoxinul (Abyss:3)
  4 fire bats (D:8)
  A dire elephant simulacrum (IceCv)
  3 fire elementals
  6 humans
  A basilisk (Lair:2)
  4 starcursed masses (Abyss:3)
  2 neqoxecs (Abyss:3)
  5 vampire mosquitoes
  34 redbacks
  5 steam dragons
  A warg (Orc:2)
  4 death yak simulacra (IceCv)
  Edmund (D:6)
  4 harpy simulacra
  17 water moccasins
  5 hell hounds
  Duvessa (D:6)
  A hydra simulacrum (IceCv)
  2 acid dragons
  12 orc warriors
  2 sky beasts
  4 laughing skulls
  2 black bears
  An ettin simulacrum (Vaults:2)
  9 ogres
  28 wolves
  A boggart (D:14)
  4 centaurs
  4 phantoms
  3 weeping skulls
  3 kobold brigands
  Blork the orc (D:6)
  16 bullfrogs
  3 earth elementals (Elf:1)
  A brain worm (Abyss:3)
  3 gnoll sergeants
  10 two-headed ogre simulacra
  2 glowing shapeshifter simulacra (Depths:3)
  5 small abominations (Abyss:3)
  A cane toad simulacrum (Lair:4)
  4 scorpions
  Dowan (D:6)
  11 water moccasin zombies (Ossuary)
  5 wights (D:7)
  An elephant simulacrum (IceCv)
  34 killer bees
  3 electric eels
  5 howler monkeys
  3 bombardier beetles
  7 hounds
  Crazy Yiuf (D:5)
  2 lava snakes (D:8)
  A quasit (Abyss:3)
  A spectral scorpion (Ossuary)
  21 jellies
  A gnoll bouda (D:7)
  13 orc priests
  A sleepcap (D:7)
  25 orc wizards
  3 iguanas
  3 polar bear simulacra (IceCv)
  4 hell rats (Lair:3)
  7 troll simulacra (IceCv)
  A boggart skeleton (D:15)
  4 spriggan simulacra
  3 wolf simulacra (IceCv)
  A bullfrog simulacrum (Ossuary)
  3 mummies
  8 gnolls
  7 adders
  9 naga simulacra
  2 shadow imps (Gauntlet)
  11 white imps
  6 ufetubi
  6 adder zombies (Ossuary)
  3 dart slugs
  A ribbon worm (D:3)
  59 orcs
  9 endoplasms
  3 giant cockroaches
  12 gnoll zombies (Ossuary)
  15 goblins
  8 hobgoblins
  3 jackals (D:3)
  3 quokkas
  7 ball pythons
  5 bats
  2 frilled lizards (D:3)
  2 hobgoblin zombies (D:7)
  7 jackal zombies (Ossuary)
  21 kobolds
  6 orc zombies (Ossuary)
  4 rats
  4 starspawn tentacles (Abyss:3)
  A tentacle (Shoals:3)
1989 creatures vanquished.

Vanquished Creatures (collateral kills)
  A Killer Klown (Zot:5)
  A golden dragon (Zot:1)
  An electric golem (Zot:5)
  3 tentacled monstrosities
  A lich (Depths:3)
  A walking earthen tome (Depths:3)
  6 Orb Guardians (Zot:5)
  2 acid blobs (Zot:1)
  A death cob (Zot:4)
  A tengu reaver (Depths:3)
  5 storm dragons
  2 shadow dragons
  A protean progenitor (Zot:2)
  A fire giant (Depths:2)
  A draconian knight (Zot:1)
  2 vault wardens
  2 draconian shifters
  A draconian scorcher (Zot:4)
  3 stone giants
  A draconian annihilator (Zot:1)
  2 ironbound thunderhulks
  4 green draconians
  7 ironbound preservers
  3 red draconians
  A white draconian (Zot:1)
  A purple draconian (Zot:2)
  3 black draconians
  2 bunyips (Zot:2)
  5 dire elephants
  2 yellow draconians (Zot:1)
  A spark wasp (Depths:1)
  A fire dragon (Depths:4)
  2 yaktaur captains
  3 vault guards
  An ice dragon (Depths:3)
  A great orb of eyes (Vaults:2)
  A spriggan air mage (Depths:3)
  A centaur warrior (Vaults:2)
  4 ironbound frosthearts (Vaults:2)
  An ogre mage (Vaults:4)
  3 deep troll shamans
  A merfolk aquamancer (Shoals:4)
  2 hell hogs (Depths:2)
  A tengu warrior (Depths:1)
  A sixfirhy (Zot:4)
  A shadow wraith (Vaults:4)
  2 iron trolls
  17 deep trolls
  2 arcanists
  2 glowing orange brains (Vaults:1)
  An ironbound convoker (Vaults:2)
  3 necromancers
  A harpy (Vaults:3)
  2 ugly things
  3 moths of wrath
  2 vault sentinels
  A smoke demon (Zot:3)
  8 yaktaurs
  A tengu conjurer (Depths:1)
  A merfolk (Shoals:4)
  2 glass eyes
  A glass eye (shapeshifter) (Depths:3)
  4 slime creatures
  A water elemental (Shoals:4)
  2 humans (Zot:2)
  An orc warrior (Orc:2)
  3 jellies (Zot:1)
  2 orc wizards (Orc:2)
  2 orcs (Orc:2)
  An aspiring flesh (Zot:2)
157 creatures vanquished.

Vanquished Creatures (others)
  An ancient lich (Abyss:3)
  A Killer Klown (Zot:5)
  A caustic shrike (Depths:3)
  the Enchantress (Depths:3)
  A golden dragon (Zot:2)
  2 Orb Guardians (Zot:5)
  A deep elf blademaster (Elf:3)
  A sphinx (Depths:3)
  A kraken (Shoals:3)
  2 protean progenitors (Zot:2)
  2 draconian knights
  2 draconian monks
  5 vault wardens (Vaults:2)
  A frost giant (Depths:1)
  The ghost of Heh the Nimble, a journeyman OpAl of Vehumet (Spider:1)
  An orc warlord (Vaults:1)
  2 very ugly things
  A draconian annihilator (Zot:3)
  A vampire knight (Depths:3)
  2 stone giants
  A lorocyproca (Depths:2)
  A black draconian (Zot:2)
  A war gargoyle (Vaults:1)
  A purple draconian (Zot:5)
  A deep elf annihilator (Elf:3)
  4 yellow draconians
  2 yaktaur captains (Vaults:2)
  2 deep elf high priests
  A merfolk impaler (Shoals:1)
  2 entropy weavers
  A merfolk javelineer (Shoals:4)
  An ice dragon (Depths:3)
  A rakshasa (D:15)
  A spriggan air mage (Depths:3)
  3 radroaches
  An ogre mage (Abyss:3)
  A merfolk aquamancer (Shoals:1)
  4 boulder beetles
  A hell hog (Depths:2)
  2 ironbound frosthearts
  A deep troll earth mage (Depths:3)
  2 death yaks
  An orc high priest (Elf:2)
  A demonic crawler (Spider:3)
  2 deep elf knights
  A pharaoh ant (Spider:2)
  6 deep trolls
  A sea snake (Shoals:1)
  2 orb spiders
  A goliath frog (Lair:5)
  4 ironbound convokers
  An arcanist (Vaults:1)
  A phantasmal warrior (Vaults:3)
  3 deep elf zephyrmancers
  A wolf spider (Lair:5)
  2 deep elf pyromancers
  A cyclops (D:14)
  An orc sorcerer (D:15)
  A moth of wrath (Zot:1)
  An elephant (Lair:4)
  A merfolk siren (Shoals:2)
  A torpor snail (Lair:2)
  2 vault sentinels
  2 cane toads
  4 yaktaurs
  An ice devil (Lair:4)
  A golden dragon simulacrum (Depths:3)
  A tormentor (Abyss:3)
  A tengu conjurer (D:15)
  A polar bear (Lair:4)
  A merfolk (Shoals:3)
  A hellwing (D:15)
  A wind drake (Shoals:1)
  A tarantella (Spider:1)
  2 snapping turtles
  3 blink frogs
  A yak (D:10)
  A vampire (D:14)
  5 fire bats (Abyss:3)
  A redback (Spider:4)
  3 chaos spawn (Abyss:3)
  A water moccasin (Lair:5)
  An ogre (D:15)
  2 killer bees (D:14)
  An electric eel (Lair:1)
  7 starspawn tentacles (Abyss:3)
  4 tentacles (Shoals:3)
147 creatures vanquished.

Grand Total: 2293 creatures vanquished

Notes
Turn   | Place    | Note
-------+----------+-------------------------------------------
     0 | D:1      | ragingrage the Demonspawn Reaver began the quest for the
                  | Orb.
     0 | D:1      | Reached XP level 1. HP: 16/16 MP: 3/3
   288 | D:1      | Gained mutation: You are partially covered in sharp spines.
                  | [demonic ancestry]
   288 | D:1      | Reached XP level 2. HP: 22/22 MP: 5/5
   353 | D:1      | Reached skill level 1 in Necromancy
   376 | D:1      | Reached skill level 1 in Stealth
   721 | D:2      | Found Vuf Lock's Antique Armour Emporium.
  1024 | D:2      | Gained mutation: You are mostly covered in sharp spines.
                  | [demonic ancestry]
  1024 | D:2      | Reached XP level 3. HP: 27/27 MP: 6/6
  1691 | D:3      | Gained mutation: You have a small tail. [demonic ancestry]
  1691 | D:3      | Reached XP level 4. HP: 33/33 MP: 7/7
  1734 | D:3      | Found a shadowy altar of Dithmenos.
  1919 | D:3      | You fall into a shaft and drop 1 floor!
  2287 | D:2      | Bought a pair of glowing gloves for 127 gold pieces
  2441 | D:4      | Found Huipnul's Antique Weapon Boutique.
  2482 | D:4      | Reached XP level 5. HP: 39/39 MP: 6/8
  2577 | D:4      | Identified the +5 war axe "Ydikui" {elec, *Rage rN++ Str+4}
  2630 | D:4      | Reached skill level 1 in Polearms
  2636 | D:4      | Reached XP level 6. HP: 34/47 MP: 9/9
  3902 | D:5      | Entered Level 5 of the Dungeon
  4084 | D:5      | Found a runed translucent door.
  4085 | D:5      | Noticed Crazy Yiuf
  4116 | D:5      | Found a staircase to the Ecumenical Temple.
  4122 | Temple   | Entered the Ecumenical Temple
  4141 | Temple   | Became a worshipper of Gozag Ym Sagoz the Greedy
  4168 | D:5      | Found a snail-covered altar of Cheibriados.
  4179 | D:5      | Reached XP level 7. HP: 52/52 MP: 10/10
  4332 | D:5      | Reached skill level 5 in Polearms
  5248 | D:5      | Killed Crazy Yiuf
  5374 | D:6      | Gained mutation: You have a tail ending in a sharp stinger.
                  | [demonic ancestry]
  5374 | D:6      | Reached XP level 8. HP: 58/58 MP: 11/11
  5377 | D:6      | Found a shimmering blue altar of Sif Muna.
  5549 | D:6      | Noticed Blork the orc
  5559 | D:6      | Killed Blork the orc
  5646 | D:6      | Noticed Edmund
  5784 | D:6      | Noticed Maggie
  5785 | D:6      | Noticed Jeremiah
  5818 | D:6      | Killed Maggie
  5935 | D:6      | Noticed Duvessa
  5935 | D:6      | Noticed Dowan
  5943 | D:6      | Killed Duvessa
  5944 | D:6      | Killed Dowan
  5992 | D:6      | Killed Jeremiah
  5993 | D:6      | Gained mutation: You regenerate magic rapidly. [demonic
                  | ancestry]
  5993 | D:6      | Reached XP level 9. HP: 49/63 MP: 12/12
  6090 | D:6      | Noticed Grinder
  6107 | D:6      | Paralysed by Grinder for 5 turns
  6117 | D:6      | Killed Grinder
  6118 | D:6      | Reached skill level 10 in Polearms
  6209 | D:6      | Noticed Prince Ribbit
  6225 | D:6      | Killed Prince Ribbit
  6339 | D:6      | Killed Edmund
  7064 | D:7      | Found a sand-covered staircase.
  7074 | Ossuary  | Entered an ossuary
  7461 | D:7      | Reached XP level 10. HP: 70/70 MP: 13/13
  7598 | D:7      | Noticed a cyclops
  7918 | D:7      | Killed a cyclops
  9281 | D:8      | Identified the ring "Dat Nym" {rElec AC+4 Str+6 Int-5}
  9636 | D:9      | Noticed Gastronok
  9843 | D:9      | Reached XP level 11. HP: 78/78 MP: 14/14
 10033 | D:9      | Noticed Erolcha
 10088 | D:9      | Reached skill level 5 in Fighting
 10218 | D:9      | Killed Gastronok
 10269 | D:9      | Reached skill level 5 in Dodging
 10291 | D:9      | Killed Erolcha
 10317 | D:9      | Found a staircase to the Lair.
 10493 | D:9      | Found a large runed translucent door.
 10493 | D:9      | Found a large runed translucent door.
 10495 | D:9      | Noticed pokedragonboy's ghost (novice DECj)
 10817 | D:10     | Entered Level 10 of the Dungeon
 11159 | D:4      | Bought the +8 trishula "Condemnation" {holy, anguish,
                  | *Noise Fly rN+} for 1287 gold pieces
 11159 | D:4      | Found the +8 trishula "Condemnation" {holy, anguish, *Noise
                  | Fly rN+}
 11268 | Lair:1   | Entered Level 1 of the Lair of Beasts
 11330 | Lair:1   | Noticed an eight-headed hydra
 11448 | Lair:1   | Killed an eight-headed hydra
 11555 | Lair:1   | Reached skill level 1 in Armour
 11555 | Lair:1   | Reached skill level 1 in Shields
 12120 | Lair:1   | Reached XP level 12. HP: 96/96 MP: 15/15
 12552 | Lair:2   | Reached skill level 10 in Fighting
 13022 | Lair:2   | Reached skill level 5 in Armour
 13108 | Lair:2   | Reached skill level 5 in Shields
 13675 | Lair:3   | Noticed a seven-headed hydra
 13688 | Lair:3   | Killed a seven-headed hydra
 13799 | Lair:3   | Reached XP level 13. HP: 103/103 MP: 16/16
 13889 | Lair:3   | Learned a level 3 spell: Fugue of the Fallen
 14096 | Lair:3   | Found a staircase to the Shoals.
 14322 | Lair:3   | Found a hole to the Spider Nest.
 15154 | Lair:4   | Reached skill level 5 in Necromancy
 15651 | Lair:4   | Identified the +1 leather armour "Qebetaech" {Int+3 Slay+2}
 15736 | Lair:4   | Reached skill level 10 in Dodging
 16114 | Lair:4   | Reached XP level 14. HP: 96/110 MP: 17/17
 16158 | Lair:4   | Found a staircase to the Slime Pits.
 16865 | Lair:5   | Entered Level 5 of the Lair of Beasts
 17731 | Lair:5   | Reached skill level 10 in Armour
 18430 | Lair:5   | Reached skill level 1 in Evocations
 18970 | D:10     | Found a radiant altar of Vehumet.
 19672 | D:11     | Noticed Nergalle
 19688 | D:11     | Killed Nergalle
 19792 | D:11     | Found a staircase to the Orcish Mines.
 20327 | D:12     | Found a portal to a secret trove of treasure.
 20924 | D:12     | Gained mutation: When hurt, damage is shared between your
                  | health and your magic reserves. [demonic ancestry]
 20924 | D:12     | Reached XP level 15. HP: 108/117 MP: 18/18
 22600 | Orc:1    | Entered Level 1 of the Orcish Mines
 22777 | Orc:2    | Entered Level 2 of the Orcish Mines
 22786 | Orc:2    | Found Seadd's Assorted Antiques.
 22873 | Orc:2    | Found a frozen archway.
 22892 | IceCv    | Entered an ice cave
 23254 | IceCv    | Reached skill level 5 in Evocations
 23543 | IceCv    | Identified the ring of Udanod {rPois rF+++ rC+ Str-4 Int-5}
 23803 | Orc:2    | Found Vecwics's Antique Weapon Emporium.
 23831 | Orc:2    | Found Fuheahuu's Antique Weapon Boutique.
 23866 | Orc:2    | Found a staircase to the Elven Halls.
 23895 | Orc:2    | Found Bawkiu's Jewellery Boutique.
 23895 | Orc:2    | Found Rugres's Jewellery Shoppe.
 23895 | Orc:2    | Found Keiseq's Antique Weapon Shoppe.
 23898 | Orc:2    | Found Qown's Jewellery Boutique.
 23906 | Orc:2    | Found Vanug's Antique Armour Emporium.
 24148 | Orc:2    | Gained mutation: You are frail. (-10% HP) [a neqoxec]
 24488 | Orc:2    | Bought a pair of smoking boots for 294 gold pieces
 24488 | Orc:2    | Identified the -1 pair of boots of the Stag {Str+2} (You
                  | bought it in a shop on level 2 of the Orcish Mines)
 24488 | Orc:2    | Bought a warped ring mail for 279 gold pieces
 24488 | Orc:2    | Identified the +1 ring mail of the Other World {Int+4} (You
                  | bought it in a shop on level 2 of the Orcish Mines)
 24616 | Orc:2    | Bought a smoking broad axe for 315 gold pieces
 24616 | Orc:2    | Identified the +1 broad axe of Fee Simple {antimagic, Fly
                  | rElec rF- rCorr} (You bought it in a shop on level 2 of the
                  | Orcish Mines)
 24630 | Orc:2    | Bought an amulet of regeneration for 330 gold pieces
 25200 | D:14     | Found a gate to the Vaults.
 25257 | D:14     | Learned a level 5 spell: Borgnjor's Vile Clutch
 25274 | D:14     | Learned a level 6 spell: Death Channel
 25535 | D:14     | Found a gate leading to a gauntlet.
 25610 | Gauntlet | Entered a Gauntlet
 25610 | Gauntlet | Found a transporter.
 25610 | Gauntlet | Found a transporter.
 25610 | Gauntlet | Found a transporter.
 25623 | Gauntlet | Found a transporter.
 25625 | Gauntlet | Found a transporter.
 25633 | Gauntlet | Found a transporter.
 25636 | Gauntlet | Found a transporter.
 25644 | Gauntlet | Found a transporter.
 25664 | Gauntlet | Found a transporter.
 25684 | Gauntlet | Found a transporter.
 25686 | Gauntlet | Found a transporter.
 25696 | Gauntlet | Found a transporter.
 25810 | Gauntlet | Gained mutation: You are partially covered in razor-sharp
                  | scales. (AC +1, Slay +1) [demonic ancestry]
 25810 | Gauntlet | Reached XP level 16. HP: 115/116 MP: 19/19
 25953 | Gauntlet | Identified the amulet of the Tormentor {Reflect *Slow rC+
                  | Will+ Int+4 SH+5}
 25998 | Gauntlet | Got the Anthology of Electricity and Rime
 25998 | Gauntlet | Got the Elucidation of the Nival Wind
 26604 | D:15     | Entered Level 15 of the Dungeon
 26752 | D:15     | Noticed Jorgrun
 26766 | D:15     | Killed Jorgrun
 27083 | D:15     | Found a staircase to the Depths.
 27927 | Spider:1 | Entered Level 1 of the Spider Nest
 28011 | Spider:1 | Found a runed translucent gate.
 28011 | Spider:1 | Noticed Heh's ghost (journeyman OpAl)
 28012 | Spider:1 | Found a runed translucent gate.
 28013 | Spider:1 | Found a runed translucent gate.
 28207 | Spider:1 | Lost mutation: You are frail. (-10% HP) [potion of
                  | mutation]
 28207 | Spider:1 | Gained mutation: You have a pair of small horns on your
                  | head. [potion of mutation]
 28207 | Spider:1 | Gained mutation: You are dopey. (Int -2) [potion of
                  | mutation]
 28207 | Spider:1 | Lost mutation: You are dopey. (Int -2) [potion of mutation]
 28258 | Spider:1 | Reached skill level 10 in Evocations
 30231 | Spider:3 | Reached XP level 17. HP: 129/140 MP: 17/20
 30235 | Spider:3 | Reached skill level 15 in Fighting
 30592 | Spider:3 | Reached skill level 10 in Shields
 30919 | Spider:4 | Entered Level 4 of the Spider Nest
 32902 | Shoals:1 | Entered Level 1 of the Shoals
 32924 | Shoals:1 | Found a transporter.
 33008 | Shoals:1 | Found a transporter.
 33138 | Shoals:1 | Found a transporter.
 33142 | Shoals:1 | Found a transporter.
 33411 | Shoals:1 | Identified a scroll of acquirement
 33421 | Shoals:1 | Acquired a +0 pair of boots of rampaging
 33972 | Shoals:1 | Found a transporter.
 33999 | Shoals:1 | Found a transporter.
 34888 | Shoals:2 | Found a transporter.
 34923 | Shoals:2 | Noticed Rucifrug's ghost (journeyman FeSh)
 34930 | Shoals:2 | Found a bloodstained altar of Trog.
 34941 | Shoals:2 | Found a transporter.
 35077 | Shoals:2 | Gained mutation: You are completely covered in sharp
                  | spines. [demonic ancestry]
 35077 | Shoals:2 | Reached XP level 18. HP: 126/149 MP: 15/21
 35337 | Shoals:2 | Noticed Polyphemus
 35367 | Shoals:2 | Killed Polyphemus
 36484 | Shoals:3 | Found Sieck's Armour Emporium.
 36493 | Shoals:3 | Bought the +5 pair of boots of the Skies Above {rC++} for
                  | 972 gold pieces
 37121 | Shoals:4 | Entered Level 4 of the Shoals
 37121 | Shoals:4 | Identified the serpent talisman of Rela {rElec rN+}
 37121 | Shoals:4 | Noticed Aizul
 37150 | Shoals:4 | Killed Aizul
 37212 | Shoals:4 | Reached skill level 10 in Necromancy
 37603 | Shoals:4 | Got a barnacled rune of Zot
 37777 | Shoals:4 | Noticed Chish's ghost (adept FoFi)
 37778 | Shoals:4 | Identified the ring of Honesty {*Corrode Fly rPois Str+3
                  | Int+3}
 37790 | Shoals:4 | Found a transporter.
 37842 | Shoals:4 | Noticed Roxanne
 38009 | Shoals:4 | Noticed Louise
 38125 | Shoals:4 | Identified the +0 shortbow of Miesuh {flame, rC- rN+++
                  | Str-3 Int+4}
 38533 | Elf:1    | Entered Level 1 of the Elven Halls
 39391 | Elf:1    | Found Gosul's Antique Armour Shop.
 39472 | Elf:1    | Bought encrusted fire dragon scales for 2015 gold pieces
 39472 | Elf:1    | Identified the +0 fire dragon scales of Henotheism {+Blink
                  | Fly rF++ rC- Dex+3} (You bought it in a shop on level 1 of
                  | the Elven Halls)
 40100 | Elf:1    | Found a roughly hewn altar of Beogh.
 40123 | Elf:1    | Found a burning altar of Makhleb.
 40165 | Elf:2    | Found a runed translucent gate.
 40165 | Elf:2    | Found a runed translucent gate.
 40165 | Elf:2    | Found a runed translucent gate.
 40165 | Elf:2    | Found an opulent altar of Gozag.
 40168 | Elf:2    | Paralysed by an air elemental for 1 turns
 40168 | Elf:2    | Noticed Qikim's ghost (journeyman GrEE)
 40190 | Elf:2    | Paralysed by an air elemental for 1 turns
 40195 | Elf:2    | Paralysed by an air elemental for 1 turns
 40215 | Elf:2    | Gained mutation: You are mostly covered in razor-sharp
                  | scales. (AC +2, Slay +2) [demonic ancestry]
 40215 | Elf:2    | Reached XP level 19. HP: 155/155 MP: 22/22
 40422 | Elf:2    | Got Sisoid's Thoughts on Allies
 40540 | Elf:2    | Found Guugab's Jewellery Boutique.
 40648 | Elf:2    | Found a runed translucent gate.
 40648 | Elf:2    | Found a runed translucent gate.
 40648 | Elf:2    | Found a runed translucent gate.
 40958 | Elf:3    | Entered Level 3 of the Elven Halls
 41267 | Elf:3    | Reached skill level 15 in Shields
 42539 | Elf:3    | Reached skill level 15 in Evocations
 42645 | Abyss:3  | Found a corrupted altar of Lugonu.
 42645 | Abyss:3  | Cast into level 3 of the Abyss (a deep elf sorcerer)
 42713 | Abyss:3  | Gained mutation: You have hidden genetic defects. [a
                  | shining eye]
 42772 | Abyss:3  | Gained mutation: You sometimes lose your temper in combat.
                  | [a neqoxec]
 42776 | Abyss:3  | Gained mutation: You occasionally shout uncontrollably at
                  | your foes. [a neqoxec]
 42779 | Abyss:3  | Lost mutation: You occasionally shout uncontrollably at
                  | your foes. [potion of mutation]
 42779 | Abyss:3  | Lost mutation: You have a pair of small horns on your head.
                  | [potion of mutation]
 42779 | Abyss:3  | Gained mutation: Your spells are a little harder to cast,
                  | but a little more powerful. [potion of mutation]
 42780 | Abyss:3  | Lost mutation: You sometimes lose your temper in combat.
                  | [potion of mutation]
 42780 | Abyss:3  | Lost mutation: Your spells are a little harder to cast, but
                  | a little more powerful. [potion of mutation]
 42780 | Abyss:3  | Gained mutation: You are clumsy. (Dex -2) [potion of
                  | mutation]
 43027 | Elf:3    | Escaped the Abyss
 43117 | Elf:3    | Reached skill level 15 in Necromancy
 43308 | Elf:3    | Gained mutation: Armour fits poorly on your strangely
                  | shaped body. [hidden defects]
 43320 | Elf:3    | Gained mutation: You have a sharp stinger which inflicts
                  | weakening toxins. [demonic ancestry]
 43320 | Elf:3    | Reached XP level 20. HP: 126/162 MP: 21/23
 43349 | Elf:3    | Identified the +7 great sword "Duotimp" {flame, rElec Dex+4
                  | Stlth+}
 43351 | Abyss:3  | Cast into level 3 of the Abyss (a deep elf sorcerer)
 43356 | Abyss:3  | Found a corrupted altar of Lugonu.
 43407 | Abyss:3  | Got an abyssal rune of Zot
 43441 | Abyss:3  | Noticed an ancient lich
 43450 | Abyss:3  | Killed an ancient lich
 43451 | Abyss:3  | Reached skill level 5 in Stealth
 43492 | Elf:3    | Escaped the Abyss
 43506 | Elf:3    | Gained mutation: Your spells are a little easier to cast,
                  | but a little less powerful. [hidden defects]
 43506 | Elf:3    | Lost mutation: You have hidden genetic defects. [hidden
                  | defects expressed]
 43783 | Elf:3    | Identified the ring of Filotit {Str+3 Dex+6 SInv}
 43793 | Elf:3    | Identified the +2 rapier of the Delicate God {distort,
                  | rPois Str+4 SInv}
 43793 | Elf:3    | Identified the ring "Mujuh" {rElec rPois AC+4}
 43808 | Elf:3    | Found the +3 hat of Pondering {ponderous, Will+ MP+10
                  | Int+5}
 43907 | Elf:3    | Identified the staff of the Supporting Gods {rPois Int+2
                  | Summ Tloc Alchemy}
 43981 | Elf:3    | Got the Compilation of Resurrection
 43986 | Elf:3    | Identified the ring of Ignis's Reproof {Fly Int+5 Dex-5}
 44820 | Spider:1 | Killed Heh's ghost
 44837 | Spider:1 | Identified the ring "Vyad" {Fire rElec Int+2}
 45203 | Spider:4 | Reached skill level 1 in Earth Magic
 45294 | Spider:4 | Got a gossamer rune of Zot
 45694 | Vaults:1 | Entered Level 1 of the Vaults
 45914 | Vaults:1 | Found Woise's Weapon Boutique.
 46008 | Vaults:1 | Identified the +10 spear of the Ancients {speed, ^Fragile
                  | rElec rCorr}
 47092 | Vaults:1 | Gained mutation: When low on magic, you restore magic in
                  | place of health. [demonic ancestry]
 47092 | Vaults:1 | Reached XP level 21. HP: 146/168 MP: 24/24
 47383 | Vaults:2 | Found a staircase to the Crypt.
 47761 | Vaults:2 | You are sucked into a shaft and drop 1 floor!
 47827 | Vaults:3 | Reached skill level 15 in Polearms
 48297 | Vaults:2 | Reached skill level 5 in Earth Magic
 49845 | Vaults:3 | Noticed Nikola
 49857 | Vaults:3 | Killed Nikola
 49858 | Vaults:3 | Gained mutation: You are completely covered in razor-sharp
                  | scales. (AC +3, Slay +3) [demonic ancestry]
 49858 | Vaults:3 | Reached XP level 22. HP: 156/175 MP: 25/25
 51100 | Vaults:4 | Identified the +2 robe of Gallantry {Harm Will- Dex+2}
 51396 | Vaults:4 | Found Mautihau's Orb Outfitters.
 52153 | Depths:1 | Entered Level 1 of the Depths
 52535 | Depths:1 | Found a one-way gate to the infinite horrors of the Abyss.
 52764 | Depths:1 | Found Sat Yklo's Jewellery Emporium.
 52765 | Depths:1 | Found Zoserera's Book Boutique.
 52766 | Depths:1 | Found Irifroerru's Jewellery Emporium.
 52898 | Depths:1 | Found a gateway to Hell.
 53267 | Depths:2 | Found Georghu's Book Emporium.
 53397 | Depths:2 | Learned a level 2 spell: Blink
 53497 | Depths:2 | Found a one-way gate leading to the halls of Pandemonium.
 53596 | Depths:2 | Found Xior Potext's Magic Scroll Boutique.
 53601 | Depths:2 | Bought a scroll of blinking for 127 gold pieces
 53816 | Depths:2 | Found Ukkiy's Armour Shoppe.
 53853 | Depths:2 | Reached skill level 1 in Translocations
 54156 | Depths:3 | Found a one-way gateway to a ziggurat.
 54168 | Depths:3 | Identified the staff of Nasuish {*Slow rElec rC+ rN+ Ice}
 54168 | Depths:3 | Identified the ring "Jat Kedatuc" {Ice Fly rN+ Int+2 Dex-2}
 54168 | Depths:3 | Noticed Josephina
 54187 | Depths:3 | Killed Josephina
 54304 | Depths:3 | Gained mutation: Your presence sometimes corrodes those you
                  | injure. [demonic ancestry]
 54304 | Depths:3 | Reached XP level 23. HP: 173/185 MP: 26/26
 54314 | Depths:3 | Found an ancient bone altar of Kikubaaqudgha.
 54362 | Depths:3 | Found a stormy altar of Qazlal.
 54958 | Depths:3 | Noticed a caustic shrike
 54970 | Depths:3 | Killed a caustic shrike
 55081 | Depths:3 | Reached skill level 15 in Armour
 55082 | Depths:3 | Identified the +2 battleaxe of Indomitability {heavy,
                  | ^Drain Will+ Dex+3}
 55097 | Depths:3 | Noticed the Enchantress
 55107 | Depths:3 | Killed the Enchantress
 55596 | Depths:4 | Entered Level 4 of the Depths
 55983 | Depths:4 | Found a gate to the Realm of Zot.
 56470 | Depths:4 | Identified the +5 chain mail of Qolud {rElec rPois rCorr
                  | Slay-6}
 56530 | Depths:4 | Reached skill level 5 in Translocations
 56691 | Zot:1    | Entered Level 1 of the Realm of Zot
 58388 | Zot:1    | Gained mutation: Your presence sometimes corrodes or
                  | deforms those you injure. [demonic ancestry]
 58388 | Zot:1    | Reached XP level 24. HP: 188/197 MP: 26/26
 59659 | Zot:2    | Noticed a Killer Klown
 59662 | Zot:2    | Noticed a Killer Klown
 59683 | Zot:1    | Killed a Killer Klown
 60418 | Zot:2    | Identified the +9 quarterstaff "Onoev" {heavy, Int+3 Dex+2}
 60646 | Zot:2    | Killed a Killer Klown
 61835 | Zot:3    | Noticed a Killer Klown
 61854 | Zot:3    | Killed a Killer Klown
 61855 | Zot:3    | Reached skill level 1 in Summonings
 62304 | Zot:3    | Identified the +1 pair of gloves "Edukh" {rF+ Str+3}
 62380 | Zot:3    | Reached skill level 5 in Summonings
 63188 | Depths:1 | Bought the necklace of Bloodlust {Fury *Rage Will++ Int-3
                  | Slay+6} for 588 gold pieces
 63188 | Depths:1 | Found the necklace of Bloodlust {Fury *Rage Will++ Int-3
                  | Slay+6}
 63947 | Zot:4    | Reached XP level 25. HP: 175/207 MP: 26/26
 64820 | Zot:5    | Entered Level 5 of the Realm of Zot
 64986 | Zot:4    | Reached skill level 10 in Summonings
 65227 | Zot:5    | Identified the ring of Interdependent Arising {rElec rC-
                  | Will+ Dex+4}
 65758 | Depths:2 | Bought a scroll of enchant armour for 127 gold pieces
 65758 | Depths:2 | Bought a scroll of fog for 68 gold pieces
 65758 | Depths:2 | Bought a scroll of teleportation for 51 gold pieces
 65758 | Depths:2 | Bought a scroll of fear for 68 gold pieces
 65758 | Depths:2 | Bought a scroll of enchant armour for 127 gold pieces
 66129 | Zot:5    | Identified the +7 sling "Boyme" {freeze, ^Fragile rC+ rN++
                  | MP+9}
 66266 | Zot:5    | Noticed an ancient lich
 66298 | Zot:5    | Killed an ancient lich
 66506 | Zot:5    | Noticed a dread lich
 66524 | Zot:5    | Killed a dread lich
 66972 | Zot:5    | Noticed an orb of fire
 66987 | Zot:5    | Gained mutation: You are weak. (Str -2) [an orb of fire]
 66989 | Zot:5    | Killed an orb of fire
 67017 | Zot:5    | Learned a level 7 spell: Haunt
 67237 | Depths:1 | Bought a manual of Summonings for 960 gold pieces
 67535 | Zot:5    | Noticed an ancient lich
 67543 | Zot:5    | Killed an ancient lich
 67850 | Zot:5    | Noticed a dread lich
 67918 | Zot:5    | Noticed an ancient lich
 67925 | Zot:5    | Killed a dread lich
 67926 | Zot:5    | Reached skill level 15 in Summonings
 67930 | Zot:5    | Noticed a dread lich
 67936 | Zot:5    | Killed an ancient lich
 67948 | Zot:5    | Killed a dread lich
 68117 | Zot:5    | Noticed a Killer Klown
 68232 | Zot:5    | Noticed a dread lich
 68246 | Zot:5    | Killed a dread lich
 68403 | Zot:5    | Noticed a Killer Klown
 68427 | Zot:5    | Killed a Killer Klown
 68440 | Zot:5    | Noticed an ancient lich
 68448 | Zot:5    | Killed a Killer Klown
 68457 | Zot:5    | Noticed a Killer Klown
 68473 | Zot:5    | Killed a Killer Klown
 68690 | Zot:5    | Killed an ancient lich
 68842 | Zot:5    | Noticed a dread lich
 68925 | Zot:5    | Got the Orb of Zot
 69319 | D:15     | Noticed Guwirir the pandemonium lord
 69470 | D:9      | Noticed Pahodiw the pandemonium lord
 69686 | D:$      | Escaped with the Orb!

Illustrated notes

Levels and vault maps discovered:
D:1:      matt_arrival_refuge, layout_basic, minmay_octomino_e4
D:2:      layout_loops_cross, serial_shops, shop
D:3:      layout_rooms, nicolae_dithmenos_shadow_blocks, minmay_unequal
D:4:      cheibrodos_greedy_goblins, layout_basic, nicolae_elyvilon_temple_path,
          serial_shops, nicolae_shop_pleasant_corner_grove
D:5:      layout_basic, cheibriados_altar_1, temple_green,
          uniq_crazy_yiuf_cottage
D:6:      layout_cave_pods, lemuel_tele_altar, uniq_blork_the_orc, uniq_grinder,
          uniq_edmund, uniq_jeremiah, uniq_duvessa, uniq_prince_ribbit1,
          uniq_maggie
D:7:      layout_basic, nicolae_ossuary_entry_giza, minmay_joined_circles
D:8:      layout_gridville, hangedman_incinerator
D:9:      layout_gridville, dpeg_lair_monsters, ebering_ghost_disaster_area,
          minmay_misc_feat_enclosed, uniq_gastronok, uniq_erolcha
D:10:     layout_irregular_city, vehumet_altar_wand_db
D:11:     lemuel_troll_bridge, layout_cave_pools, uniq_nergalle
D:12:     layout_basic, enter_trove_6
D:13:     layout_long_grid
D:14:     regret_index_wax_grids, layout_cave_pools,
          skrybe_vaults_entry_preservation, gauntlet_entry_generic
D:15:     grunt_enter_depths_magical_seal, layout_loops_corners,
          minmay_misc_feat_square, uniq_jorgrun
Temple:   minmay_crystal_spiral_temple
Lair:1:   layout_gridlike, serial_bayou_lagoon_b
Lair:2:   layout_regular_city, grunt_megastairs_2, infiniplex_staircase_pool_2
Lair:3:   layout_misc_corridors, minmay_shoals_entry_beasts,
          hellmonk_spider_entry_life_and_decay
Lair:4:   dreamdust_isle_of_ice, layout_layer_cave, dpeg_slime_entry_corner
Lair:5:   minmay_lair_end_frog_pond, layout_gridlike,
          chequers_serial_rivers_large_a, nicolae_lair_run_with_the_wolves
Shoals:1: nicolae_shoals_island_circles, layout_shoals, serial_nicolae_subway,
          nicolae_sub_station_crystal, nicolae_sub_station_stone,
          nicolae_sub_station_metal
Shoals:2: layout_shoals, gammafunk_ghost_wrathful_warriors, uniq_polyphemus
Shoals:3: layout_shoals, serial_shops, shop, nicolae_shoals_water_shrine
Shoals:4: shoals_end_simple, layout_shoals, serial_shops, shop,
          ebering_ghost_davey_jones, uniq_roxanne, uniq_aizul, uniq_louise
Spider:1: layout_cave_pods, gammafunk_ghost_split
Spider:2: layout_spider_delve, hangedman_spider_tarantella_strand
Spider:3: layout_spider_delve
Spider:4: spider_rune_water, nicolae_spider_shape
Orc:1:    layout_diamond_mine
Orc:2:    st_orc_elflike, layout_diamond_mine, serial_shops,
          nicolae_shop_hallway_stairs, shop, nicolae_shop_dealshenge, shop,
          portal_ice_cave_entry_pillars_2
Elf:1:    minmay_elf_arrival_plus, layout_onion_city, serial_shops, shop_statue,
          nicolae_elf_theology_debate, palyth_stone_intersect
Elf:2:    nicolae_elf_blades_splatter_lattice [grunt_blade_entry_basic],
          layout_loops_cross, ebering_ghost_gozag, serial_shops,
          nicolae_stop_n_shop_1, minmay_elf_demonology
Elf:3:    minmay_elf_hall_golems, layout_gridlike
Vaults:1: nicolae_vaults_two_Ls, nicolae_vaults_taking_the_gang_shopping,
          nicolae_vaults_apartment_1, nicolae_vaults_apartment_2,
          nicolae_vaults_little_squares_1, nicolae_vaults_doubleplus_tesselated,
          nicolae_vaults_windows_and_doors_thing, nicolae_vaults_network_star,
          grunt_vaults_diagonal, v_misc_30, nicolae_vaults_enemy_cabinets,
          v_rooms_5, nicolae_vaults_tetromino_Z_1, layout_vaults_omnibox
Vaults:2: nicolae_vaults_antechamber_and_loot_room,
          nicolae_vaults_tetromino_L_1, vaults_standard_mumra_x,
          nicolae_vaults_layer_cake_slice, vaults_mumra_minichess_inversion,
          nicolae_vaults_little_squares_5, vaults_mumra_lcd,
          nicolae_vaults_frosty_reception, nicolae_vaults_theta,
          ontoclasm_vaults_ligature, minmay_crypt_entry_simple_round,
          nicolae_vaults_steering_wheel, v_misc_25, layout_vaults_maze_snakey
Vaults:3: vaults_mumra_minichess, nicolae_vaults_trapezoid_1, v_misc_33,
          nicolae_vaults_oval_intersection, st_more_cells, nicolae_vaults_heist,
          nicolae_vaults_little_ls, vaults_room_door_ring,
          layout_vaults_chaotic_city, uniq_nikola
Vaults:4: v_misc_31, vaults_dpeg_spiral, nicolae_vaults_trapezoid_4,
          hangedman_vaults_pinch, nicolae_vaults_network_periphery,
          ontoclasm_vaults_loading_screen, hangedman_vaults_slice,
          tekkud_shop_of_orbs, dpeg_vaults_monster_row, vaults_room_semicircle,
          layout_vaults_omnicross
Depths:1: layout_basic, grunt_decor_clamped, abyss_entry_glasseish,
          pf_vacation_house_of_asmodeus, st_stairs_13, minmay_three_doors,
          minmay_shop_grove
Depths:2: nicolae_cairo_tiling_large, layout_long_grid, grunt_hell_horde,
          serial_shops, shop, shop, nicolae_shop_trees, grunt_pan_entry_spiral,
          minmay_misc_feat_columns
Depths:3: minmay_the_grid_4x2 [minmay_the_grid_large_cup,
          minmay_the_grid_broken_lines, minmay_the_grid_minigrid_large,
          minmay_the_grid_odd_star, minmay_the_grid_all_tris,
          minmay_the_grid_stretched_grid, minmay_the_grid_aliased_spiral,
          minmay_the_grid_prize_trominoes], layout_honeycomb, enter_ziggurat_f,
          nicolae_qazlal_style_of_elements, hangedman_coc_ice_floe, abyss_entry,
          nicolae_kikubaaqudgha_miasma_corner, uniq_josephina, uniq_enchantress
Depths:4: grunt_zot_entry_funnels, layout_gridlike,
          serial_library_hellmonk_recessed_alcove, hell_entry
Zot:1:    lemuel_acid_trip, layout_concentric_octagons
Zot:2:    circus_mu, layout_basic, regret_index_zotdec_serpentine_coiled,
          nicolae_zig_zag_zippers
Zot:3:    layout_basic, grunt_megastairs_4
Zot:4:    kennysheep_blocky_room, layout_onion_interference,
          regret_index_zotdec_tunneler
Zot:5:    layout_basic

Skill      XL: |  1  2  3  4  5  6  7  8  9 10 11 12 13 14 15 16 17 18 19 20 21 22 23 24 25 |
---------------+----------------------------------------------------------------------------+-----
Necromancy     | 1 2 6 7 8 11 15 16 17 18 19 | 19.9
Stealth        | 1 2 3 5 7 8 |  8.6
Long Blades    | 3 4 |  4.2
Fighting       | 3 4 9 10 12 14 15 16 17 19 | 19.0
Polearms       | 2 4 6 9 12 14 15 | 15.0
Dodging        | 3 5 7 10 11 12 13 14 | 14.1
Armour         | 1 6 8 11 12 13 14 15 16 | 16.1
Shields        | 1 5 6 9 13 14 15 16 17 18 | 18.0
Evocations     | 3 8 10 11 13 15 16 | 16.9
Earth Magic    | 3 6 |  6.0
Translocations | 1 5 |  5.0
Summonings     | 7 18 | 18.4
Spellcasting   | |  2.0
Conjurations   | |  3.0

Action                     |  1- 3 |  4- 6 |  7- 9 | 10-12 | 13-15 | 16-18 | 19-21 | 22-24 | 25-27 || total
---------------------------+-------+-------+-------+-------+-------+-------+-------+-------+-------++-------
  Melee: Falchion          |    91 |    41 |       |       |       |       |       |       |       ||   132
         Tailslap          |       |     7 |    28 |    63 |   205 |   207 |   322 |   462 |   101 ||  1395
         War axe           |       |    44 |   100 |    15 |       |       |       |       |       ||   159
         Trident           |       |       |   199 |   252 |       |       |       |       |       ||   451
         Trishula          |       |       |       |   263 |  1335 |  1628 |  1710 |  1980 |   446 ||  7362
         Headbutt          |       |       |       |       |       |   255 |    60 |       |       ||   315
         Unarmed           |       |       |       |       |       |       |       |     2 |       ||     2
  Throw: Dart              |       |       |       |     1 |     1 |       |     1 |       |       ||     3
   Cast: Fugue of the Fall |       |       |       |       |    21 |    35 |    38 |    79 |     8 ||   181
         Death Channel     |       |       |       |       |       |       |    28 |    74 |     8 ||   110
         Haunt             |       |       |       |       |       |       |       |       |     8 ||     8
         Borgnjor's Vile C |       |       |       |       |       |       |       |       |     7 ||     7
 Invoke: Potion Petition   |       |       |       |     1 |       |       |     1 |       |     4 ||     6
         Bribe Branch      |       |       |       |       |       |       |       |       |     2 ||     2
  Evoke: Wand              |       |       |       |     1 |     1 |     4 |    11 |     5 |     4 ||    26
         Box of beasts     |       |       |       |       |     1 |     1 |     1 |     1 |     1 ||     5
         Gell's gravitambo |       |       |       |       |       |       |     1 |       |       ||     1
         Tin of tremorston |       |       |       |       |       |       |       |     4 |       ||     4
    Use: Potion            |       |     1 |       |     2 |     2 |     1 |     2 |       |     6 ||    14
         Scroll            |       |       |    12 |     7 |    12 |    11 |     4 |     1 |    12 ||    59
   Stab: Sleeping          |       |     4 |     9 |     3 |     2 |     3 |     6 |    10 |       ||    37
         Distracted        |       |       |     2 |     9 |    13 |    13 |    24 |    36 |     3 ||   100
 Armour: Ring mail         |    61 |    43 |    49 |       |       |    47 |       |       |       ||   200
         Leather armour    |    10 |       |       |       |       |       |       |       |       ||    10
         Skin              |       |     3 |       |       |       |       |       |     1 |       ||     4
         Swamp dragon scal |       |       |    82 |   239 |   460 |   804 |       |       |       ||  1585
         Chain mail        |       |       |       |       |    27 |       |       |       |       ||    27
         Fire dragon scale |       |       |       |       |       |    27 |   667 |   964 |   251 ||  1909
  Dodge: Dodged            |    54 |    31 |    76 |   147 |   365 |   535 |   392 |   577 |   163 ||  2340
  Block: Buckler           |     4 |    15 |    32 |    53 |   122 |       |       |       |       ||   226
         Kite shield       |       |       |       |       |   102 |   747 |   709 |   828 |   286 ||  2672

Table legend: (Time is in decaauts)
 A = Elapsed time spent in this place.
 B = Non-inter-level travel time spent in this place.
 C = Inter-level travel time spent in this place.
 D = Time resting spent in this place.
 E = Time spent auto-exploring this place.
 F = Levels seen in this place.
 G = Mean time per level.
                   A        B        C        D        E       F      G
               +--------+--------+--------+--------+--------+-----+--------+
         Total |  68772 |  60573 |   8199 |  10100 |  36656 |  52 | 1322.5 |
       Dungeon |  18499 |  15750 |   2749 |   2465 |  10315 |  15 | 1233.3 |
        Temple |     38 |      1 |     37 |      0 |      0 |   1 |   38.0 |
          Lair |   7635 |   6982 |    653 |   1155 |   4591 |   5 | 1527.0 |
        Shoals |   4918 |   4573 |    345 |   1152 |   2323 |   4 | 1229.5 |
   Spider Nest |   5958 |   5120 |    838 |    911 |   3195 |   4 | 1489.5 |
  Orcish Mines |   1717 |   1420 |    297 |    220 |    753 |   2 |  858.5 |
   Elven Halls |   4522 |   4209 |    313 |    598 |   2504 |   3 | 1507.3 |
        Vaults |   6645 |   6082 |    563 |    302 |   4214 |   4 | 1661.2 |
        Depths |   6022 |   4623 |   1399 |    191 |   3474 |   4 | 1505.5 |
           Zot |  10797 |   9796 |   1001 |   2874 |   4475 |   5 | 2159.4 |
         Abyss |    434 |    434 |      0 |     21 |      0 |   2 |  217.0 |
       Ossuary |    315 |    315 |      0 |      0 |    163 |   1 |  315.0 |
      Ice Cave |    840 |    840 |      0 |     96 |    466 |   1 |  840.0 |
      Gauntlet |    425 |    425 |      0 |    111 |    181 |   1 |  425.0 |
               +--------+--------+--------+--------+--------+-----+--------+

Top non-repeatable levels by time:
   Zot:1: 3118 daAuts
   Zot:5: 2591 daAuts
  Lair:4: 2313 daAuts
   Zot:4: 2160 daAuts
Spider:1: 2034 daAuts
Depths:4: 1957 daAuts
Spider:4: 1747 daAuts
     D:4: 1745 daAuts
  Lair:5: 1711 daAuts
Vaults:1: 1708 daAuts
   Elf:3: 1697 daAuts
    D:12: 1690 daAuts
     D:6: 1677 daAuts
Vaults:4: 1671 daAuts
Vaults:2: 1667 daAuts
